 Dungeon Crawl Stone Soup version 0.24.0-123-gd5b16e6ec5 (webtiles) character file.

Game seed: 16490511241175158529, levelgen mode: deterministic

32 Elellon the Chopper (level 3, -3/31 HPs)
             Began as a Hill Orc Fighter on Jan 13, 2020.
             Slain by Sigmund
             ... wielding a +0 scythe
              (9 damage)
             ... on level 2 of the Dungeon.
             The game lasted 00:01:19 (961 turns).

Elellon the Chopper (Hill Orc Fighter)               Turns: 961, Time: 00:01:20

Health: -3/31      AC:  9    Str: 19    XL:     3   Next: 27%
Magic:  3/3        EV:  7    Int:  8    God:
Gold:   83         SH:  9    Dex: 13    Spells: 2/2 levels left

rFire    . . .     SeeInvis .   a - +0 war axe
rCold    . . .     Gourm    .   c - +0 shield
rNeg     . . .     Faith    .   b - +0 scale mail
rPois    .         Spirit   .   (no helmet)
rElec    .         Reflect  .   (no cloak)
rCorr    .         Harm     .   m - +1 pair of gloves {Dex+3}
MR       .....                  (no boots)
Stlth    ..........             (no amulet)
HPRegen  0.10/turn              (no ring)
MPRegen  0.08/turn              (no ring)

@: no status effects
A: no striking features
a: no special abilities


You were on level 2 of the Dungeon.
You were not hungry.

You visited 1 branch of the dungeon, and saw 2 of its levels.

You collected 83 gold pieces.

Inventory:

Hand Weapons
 a - a +0 war axe (weapon)
Armour
 b - a +0 scale mail (worn)
 c - a +0 shield (worn)
 m - a +1 pair of gloves of dexterity (worn)
Scrolls
 e - 4 scrolls of identify {unknown}
 h - a scroll of enchant armour {unknown}
 i - 2 scrolls of amnesia {unknown}
 j - a scroll of teleportation {unknown}
 n - a scroll of remove curse {unknown}
Potions
 d - 2 potions of might
 k - a potion of ambrosia {unknown}
 l - a potion of mutation {unknown}
Comestibles
 f - 3 rations
 g - 5 chunks of flesh


   Skills:
 - Level 3.6 Fighting
 + Level 4.8 Axes
 - Level 3.2 Armour
 - Level 3.2 Shields


You had 2 spell levels left.
You didn't know any spells.
Your spell library was empty.

Dungeon Overview and Level Annotations

Branches:
Dungeon (2/15)

Altars:
Ashenzari
Dithmenos

Annotations:
D:2 Sigmund


Message History

Your shield and scale mail prevent you from hitting the adder.
The adder barely misses you. Something hits you.
The adder bites you but does no damage.
You hit the adder.
The adder is moderately wounded.
The adder bites you. Something hits you!
* * * LOW HITPOINT WARNING * * *
You block the adder's attack.
You barely miss the adder.
The adder is lightly wounded.
The adder bites you but does no damage. Something hits you but does no damage.
You block the adder's attack.
Your shield and scale mail prevent you from hitting the adder.
The adder is lightly wounded.
The adder bites you but does no damage. Something hits you but does no damage.
You miss the adder.
The adder is lightly wounded.
You block the adder's attack. The adder bites you but does no damage.
Something hits you!
You die...

..#..####.#
#.#..# #.#
#..#.# #.#
#.###. #.# .#
#. #.# # #
#รท# #(#
#.###########
#.....{S@...#
###########[#
#.# #.# #.#
#.# #.# #.#
#.#


You could see an adder.

Vanquished Creatures
  A dart slug (D:1)
  A leopard gecko (D:2)
  4 bats (D:1)
  4 goblins
  3 hobgoblins
  3 frilled lizards (D:1)
  10 kobolds
  3 rats (D:1)
29 creatures vanquished.

Notes
Turn   | Place    | Note
-------+----------+-------------------------------------------
     0 | D:1      | Elellon the Hill Orc Fighter began the quest for the Orb.
     0 | D:1      | Reached XP level 1. HP: 19/19 MP: 1/1
    53 | D:1      | Reached skill level 3 in Axes
    84 | D:1      | Reached XP level 2. HP: 25/26 MP: 2/2
   246 | D:1      | Reached skill level 4 in Axes
   383 | D:1      | Found a shattered altar of Ashenzari.
   587 | D:1      | Reached XP level 3. HP: 31/31 MP: 3/3
   796 | D:2      | Found a shadowy altar of Dithmenos.
   919 | D:2      | Noticed Sigmund
   961 | D:2      | Slain by Sigmund

Levels and vault maps discovered:
D:1:      matt_arrival_los_fun, layout_basic, hangedman_feature_mirror,
          minmay_misc_feat_nine_boxes, minmay_misc_feat_secret_circle,
          evilmike_ruin_ashenzari
D:2:      layout_loops_ring, nicolae_dithmenos_through_a_glass_darkly,
          first_ration, chequers_ecumenical_altar_simple_redux,
          minmay_misc_feat_rugged, uniq_sigmund, uniq_natasha

Skill      XL: |  1  2 |
---------------+-------+-----
Axes           | 3 4 |  4.8
Fighting       | |  3.6
Armour         | |  3.2
Shields        | |  3.2

Action                   || total
-------------------------++-------
Melee: War axe           ||    88
Armor: Scale mail        ||    51
Dodge: Dodged            ||    27
Block: Shield            ||    53
